 Dungeon Crawl Stone Soup version 0.28.0-45-g0d030f2227 (webtiles) character file.

Game seed: 17780571506534495699

311 Icepheonix32 the Caller (level 6, -1/41 HPs)
             Began as a Merfolk Summoner on Apr 12, 2022.
             Slain by an orc warrior
             ... wielding a +0 glaive
              (15 damage)
             ... on level 5 of the Dungeon.
             The game lasted 00:08:31 (4306 turns).

Icepheonix32 the Caller (Merfolk Summoner)          Turns: 4306, Time: 00:08:32

Health: -1/41      AC:  6    Str:  8    XL:     6   Next: 42%
Magic:  2/9        EV: 12    Int: 20    God:
Gold:   179        SH:  0    Dex: 14    Spells: 0/9 levels left

rFire   . . .      SeeInvis .   c - +0 spear
rCold   . . .      Faith    .   (no shield)
rNeg    . . .      Spirit   .   a - +0 robe
rPois   .          Reflect  .   q - +2 helmet {Int+3}
rElec   .          Harm     .   l - +0 cloak
rCorr   .          Rampage  .   (no gloves)
Will    .....                   (no boots)
Stlth   ++........              o - amulet of the acrobat
HPRegen 0.13/turn               s - ring of wizardry
MPRegen 0.11/turn               (no ring)

@: no status effects
A: (nimble swimmer 2), mertail
a: no special abilities


You were on level 5 of the Dungeon.
You visited 1 branch of the dungeon, and saw 5 of its levels.
You also visited: Ossuary.

You collected 179 gold pieces.

Inventory:

Hand Weapons
 c - a +0 spear (weapon)
Missiles
 i - 9 poisoned darts
Armour
 a - a +0 robe (worn)
 d - an orb of energy
 l - a +0 cloak (worn)
 q - a +2 helmet of intelligence (worn)
 r - +0 storm dragon scales
 v - a +0 scale mail
Jewellery
 e - an amulet of faith
 k - a ring of ice
 o - an amulet of the acrobat (around neck)
 s - a ring of wizardry (left hand)
Wands
 j - a wand of paralysis (5)
Scrolls
 g - a scroll of enchant armour
 h - a scroll of immolation {unknown}
 m - a scroll of magic mapping {unknown}
 n - a scroll of identify
 p - 2 scrolls of vulnerability {unknown}
 u - 2 scrolls of teleportation {unknown}
Potions
 b - a potion of berserk rage {unknown}
 f - a potion of might {unknown}
 t - a potion of flight {unknown}
 w - a potion of magic {unknown}


   Skills:
 + Level 2.2 Polearms
 + Level 2.7 Dodging
 - Level 2.1 Stealth
 - Level 2.0 Spellcasting
 * Level 0.4 Hexes
 * Level 6.8 Summonings
 * Level 1.9 Evocations


You couldn't memorise any spells.
You knew the following spells:

 Your Spells              Type           Power      Damage    Failure   Level
a - Summon Small Mammal   Summ           100%       N/A       1%          1
b - Call Imp              Summ           29%        N/A       1%          2
c - Call Canine Familiar  Summ           29%        N/A       1%          3
d - Summon Guardian Gole  Hex/Summ       16%        N/A       4%          3

Your spell library contained the following spells:

 Spells                   Type           Power      Damage    Failure   Level
 Summon Lightning Spire   Summ/Air       15%        N/A       16%         4
 Fireball                 Conj/Fire      1%         3d3       83%         5
 Iskenderun's Battlesphe  Conj           2%         2d6       83%         5
 Conjure Ball Lightning   Conj/Air       1%         3x3d6     100%        6
 Orb of Destruction       Conj           1%         9d5       100%        7


Dungeon Overview and Level Annotations

Branches:
Dungeon (5/15)            Ossuary (visited)
 Temple: D:4-7

Altars:
The Shining One


Innate Abilities, Weirdness & Mutations

((You are very nimble when in or above water. (Stealth+, EV+, Speed+++)))
Your lower body shifts to a powerful aquatic tail in water.


Message History

There is an open door here.
You open the door.
There is an open door here.
There is an open door here.
There is a stone staircase leading down here.
Done exploring.
Done exploring.
Done exploring.
Done exploring.
(D) Dungeon
Where to? (Enter - D:4, ? - help)
There is a stone staircase leading down here.
You climb downwards.
You hear the sound of rushing water.
There is an entrance to a sewer on this level.
Hurry and find it before the portal rusts away!
The orc wizard shouts!
The orc priest shouts!
Found a shortbow and 23 stones.
Found a stone staircase leading down.
There is a stone staircase leading up here.
The orc warrior shouts!
The orc shouts!
You hear an angry hiss.
Casting: Call Canine Familiar (safe; 1% risk of failure)
Confirm with . or Enter, or press ? or * to list all spells.
A guardian golem appears, shielding your allies.
The orc warrior hits you from afar with a +0 glaive!
Unknown command.
Casting: Summon Guardian Golem (dangerous; 4% risk of failure)
Confirm with . or Enter, or press ? or * to list all spells.
Your hound bites the orc.
An iguana comes into view.
Your hound closely misses the orc.
The orc warrior barely misses you. The orc misses you.
Unknown command.
You hit the orc.
The orc is moderately wounded.
Your bat hits the orc but does no damage.
Your hound bites the orc.
The orc dies!
The orc warrior throws a boomerang.
The boomerang hits you!
The orc wizard completely misses your hound.
The orc warrior hits you from afar with a +0 glaive!
You die...

#..........
+..........
#..........
#####.........
..l...>.....#
.....o9oo...#
.......h....#
......)@....#
.......b....#
#####.......#
#.......#
#.......#
#.......#
#.......#
#.(.....#


You could see an orc warrior (ally target), an iguana, an orc priest, an orc
wizard, a friendly guardian golem (summoned), a friendly hound (summoned,
sheltered) and a friendly bat (summoned, sheltered).

Vanquished Creatures
  3 gnolls (D:4)
  An ufetubus (D:4)
  A dart slug (D:4)
  7 ball pythons
  3 endoplasms
  A giant cockroach (D:3)
  5 goblins
  3 hobgoblins
  A jackal (D:2)
  3 kobolds
  A quokka (D:2)
  6 bats
  5 frilled lizards
  5 rats
45 creatures vanquished.

Vanquished Creatures (collateral kills)
  2 jellies (D:4)
  A gnoll shaman (D:4)
  Terence (D:2)
  2 mummies (D:4)
  4 gnolls (D:4)
  2 adders
  An adder skeleton (D:4)
  2 worms
  A dart slug (D:4)
  2 orcs
  3 ball pythons
  An endoplasm (D:1)
  A giant cockroach (D:1)
  A goblin (D:1)
  2 jackals (D:2)
  A kobold (D:3)
  A bat (D:1)
  2 frilled lizards
30 creatures vanquished.

Vanquished Creatures (others)
  2 withered plants (Ossuary)
2 creatures vanquished.

Grand Total: 77 creatures vanquished

Notes
Turn   | Place    | Note
-------+----------+-------------------------------------------
     0 | D:1      | Icepheonix32 the Merfolk Summoner began the quest for the
                  | Orb.
     0 | D:1      | Reached XP level 1. HP: 13/13 MP: 3/3
   191 | D:1      | Reached XP level 2. HP: 17/19 MP: 3/5
   617 | D:1      | Found a faded altar of an unknown god.
   908 | D:1      | Learned a level 2 spell: Call Imp
  1002 | D:1      | Reached XP level 3. HP: 17/24 MP: 2/6
  1173 | D:2      | Reached skill level 5 in Summonings
  1345 | D:2      | Reached skill level 1 in Evocations
  1427 | D:2      | Learned a level 3 spell: Call Canine Familiar
  1623 | D:2      | Noticed Terence
  1769 | D:2      | You fall into a shaft and drop 2 floors!
  1811 | D:4      | Reached XP level 4. HP: 21/30 MP: 3/7
  1924 | D:4      | Found a sand-covered staircase.
  1929 | Ossuary  | Entered an ossuary
  2008 | D:4      | Reached skill level 1 in Polearms
  2008 | D:4      | Reached XP level 5. HP: 10/35 MP: 1/8
  2291 | D:4      | Reached skill level 6 in Summonings
  2619 | D:4      | Reached XP level 6. HP: 28/41 MP: 9/9
  2623 | D:4      | Learned a level 3 spell: Summon Guardian Golem
  3799 | D:2      | Killed Terence
  3968 | D:3      | Found a glowing golden altar of the Shining One.
  4301 | D:5      | Entered Level 5 of the Dungeon
  4301 | D:5      | Noticed an orc warrior
  4306 | D:5      | Slain by an orc warrior

Illustrated notes

Levels and vault maps discovered:
D:1:      ncdulo_lavacross, layout_rooms, shapermc_ecumenical_altar_ellora
D:2:      layout_rooms, serial_glass, glass_columns_c, glass_columns_c,
          uniq_terence
D:3:      layout_loops_ring, tso_altar
D:4:      layout_basic, enter_ossuary_2
D:5:      layout_gridville, minmay_temple_entry_large_hall,
          cheibrodos_sewer_entry_bend, minmay_splitting_lines

Skill      XL: |  1  2  3  4  5  6 |
---------------+-------------------+-----
Summonings     | 5 6 |  6.8
Evocations     | 1 |  1.9
Polearms       | 1 2 |  2.2
Dodging        | |  2.7
Stealth        | |  2.1
Spellcasting   | |  2.0
Hexes          | |  0.4

Action                   |  1- 3 |  4- 6 || total
-------------------------+-------+-------++-------
Melee: Spear             |   116 |    96 ||   212
       Punch             |     1 |       ||     1
 Cast: Summon Small Mamm |    14 |     8 ||    22
       Call Imp          |     6 |     9 ||    15
       Call Canine Famil |     4 |    18 ||    22
       Summon Guardian G |       |     1 ||     1
  Use: Scroll            |     2 |       ||     2
       Potion            |       |     1 ||     1
 Stab: Sleeping          |     4 |     3 ||     7
       Distracted        |       |     3 ||     3
Armor: Robe              |    28 |    11 ||    39
Dodge: Dodged            |    76 |    52 ||   128
